 Dungeon Crawl Stone Soup version 0.20.0-15-g7f486f2 (webtiles) character file.

21 KeiKoneko the Cudgeler (level 2, 0/29 HPs)
             Began as a Troll Berserker on June 24, 2017.
             Was a Follower of Trog.
             Slain by a gnoll
             ... wielding a +0 whip
              (2 damage)
             ... on level 2 of the Dungeon.
             The game lasted 00:09:32 (941 turns).

KeiKoneko the Cudgeler (Troll Berserker)             Turns: 941, Time: 00:09:33

Health: 0/29       AC:  5    Str: 24    XL:     2   Next: 62%
Magic:  1/1        EV: 10    Int:  3    God:    Trog [*.....]
Gold:   67         SH:  0    Dex:  9    Spells: 1/1 levels left

rFire    . . .     SeeInvis .   a - +1 mace
rCold    . . .     Gourm    +   (no shield)
rNeg     . . .     Faith    .   b - +0 animal skin
rPois    .         Spirit   .   (helmet restricted)
rElec    .         Reflect  .   (no cloak)
rCorr    .         Harm     .   (gloves unavailable)
MR       .....                  (boots unavailable)
Stlth    +.........             (no amulet)
Regen    0.5/turn               (no ring)
MPRegen  0.1/turn               (no ring)

@: no status effects
A: unfitting armour, claws 3, fast metabolism 3, gourmand, regeneration 1,
shaggy fur 1, tough skin 2
a: Berserk, Burn Spellbooks, Renounce Religion


You were on level 2 of the Dungeon.
You worshipped Trog.
Trog was aware of your devotion.
You were not hungry.

You visited 1 branch of the dungeon, and saw 2 of its levels.

You collected 67 gold pieces.

Inventory:

Hand Weapons
 a - a +1 mace (weapon)
 d - a +6 dagger
Missiles
 l - 22 stones (quivered)
Armour
 b - a +0 animal skin (worn)
 i - a +1 plate armour of poison resistance
 k - a cursed +0 buckler
 n - a +0 ring mail
Scrolls
 f - 2 scrolls of identify {unknown}
 o - a scroll of fog {unknown}
Potions
 e - a potion of flight {unknown}
 h - 2 potions of might {unknown}
 j - a potion of berserk rage {unknown}
 m - a potion of mutation {unknown}
Comestibles
 c - 2 bread rations
 g - a meat ration


   Skills:
 + Level 2.6 Fighting
 + Level 3.1 Maces & Flails
 + Level 2.7 Dodging


You had one spell level left.
You didn't know any spells.

Dungeon Overview and Level Annotations

Branches:
Dungeon (2/15)

Altars:
Cheibriados
Fedhas
Nemelex Xobeh
Ru
Trog
Xom
The Shining One


Innate Abilities, Weirdness & Mutations

You are too large for most types of armour.
You have claws for hands.
Your metabolism is lightning-fast.
You like to eat raw meat.
Your natural rate of healing is unusually fast.
You are covered in fur. (AC +1)
You have very tough skin. (AC +2)


Message History

Take off which item? (? for menu, Esc to quit)
Okay, then.
The gnoll barely misses you.
You hit the gnoll.
The gnoll is heavily wounded.
The gnoll barely misses you. The gnoll hits you with a spear!
You hit the gnoll.
The gnoll is severely wounded.
The gnoll hits you with a spear.
The gnoll hits you from afar with a spear.
The gnoll hits you with a whip!
* * * LOW HITPOINT WARNING * * *
The gnoll barely misses you.
The gnoll hits you from afar with a spear.
* * * LOW HITPOINT WARNING * * *
The gnoll closely misses you.
The gnoll hits you from afar with a spear.
* * * LOW HITPOINT WARNING * * *
The gnoll hits you with a whip.
You die...

#......... #.......#
#.... #.# #>.###.#####..
#............ #
###........##
####......._...### ....
.#.....#._..._...##
......
<..###..........@.#
...... ..##
#.._..8.._.gg#####.....#
..#
#..........#gg#...>.....
..#
#......._.###.w.........
..# ###..._...#
#.....$..$.. ..#
###...### #...........
..# ##### #...%.......
..# #..(........ ..#
#...........


You could see a worm and 4 gnolls.

Vanquished Creatures
  3 leopard geckos
  A giant cockroach (D:1)
  5 goblins
  3 hobgoblins (D:1)
  A bat (D:1)
  2 frilled lizards (D:1)
  2 rats (D:1)
17 creatures vanquished.

Notes
Turn   | Place    | Note
-------+----------+-------------------------------------------
     0 | D:1      | KeiKoneko the Troll Berserker began the quest for the Orb.
     0 | D:1      | Reached XP level 1. HP: 22/22 MP: 0/0
   282 | D:1      | Reached XP level 2. HP: 29/29 MP: 1/1
   409 | D:1      | Reached skill level 3 in Maces & Flails
   866 | D:2      | Found a sparkling altar of Nemelex Xobeh.
   867 | D:2      | Found a snail-covered altar of Cheibriados.
   867 | D:2      | Found a sacrificial altar of Ru.
   869 | D:2      | Found a blossoming altar of Fedhas.
   869 | D:2      | Found a glowing golden altar of the Shining One.
   869 | D:2      | Found a shimmering altar of Xom.
   870 | D:2      | Found a bloodstained altar of Trog.
   941 | D:2      | Slain by a gnoll

Skill      XL: |  1  2 |
---------------+-------+-----
Maces & Flails | 3 |  3.1
Fighting       | |  2.6
Dodging        | |  2.7

Action                   || total
-------------------------++-------
Melee: Mace              ||    47
  Use: Scroll            ||     2
  Eat: Chunk             ||     7
Armor: Animal skin       ||    16
Dodge: Dodged            ||    28
